 Dungeon Crawl Stone Soup version 0.28.0 (webtiles) character file.

Game seed: 11492082175937245814

287661 a3don the Swashbuckler (level 20, -3/165 HPs)
             Began as a Gnoll Ice Elementalist on Feb 17, 2022.
             Was a Priest of Ashenzari.
             Killed from afar by an ironbound thunderhulk (36 damage)
             ... with a bolt of lightning
             ... on level 3 of the Vaults on Feb 19, 2022.
             The game lasted 06:26:26 (80209 turns).

a3don the Swashbuckler (Gnoll Ice Elementalist)    Turns: 80209, Time: 06:26:27

Health: -3/165     AC: 14    Str:  8    XL:     20   Next: 67%
Magic:  2/36       EV: 18    Int: 23    God:    Ashenzari [***...]
Gold:   804        SH: 18    Dex: 13    Spells: 2/53 levels left

rFire   . . .      SeeInvis +   C - +9 staff of Olgreb {rPois∞}
rCold   + . .      Faith    .   f - +1 kite shield {reflect}
rNeg    . . .      Spirit   .   Y - +1 robe {Archmagi}
rPois   ∞          Reflect  +   j - +1 helmet of Ashenzari's Mistrust {Evo, Self} (curse)
rElec   .          Harm     .   q - +0 cloak of Supernal Understanding {Self, Range} (curse)
rCorr   .          Rampage  .   F - +2 pair of gloves of Ashenzari's Black Moon {Alch, Elem} (curse)
Will    +....      Archmagi +   E - +1 pair of boots of Ashenzari's Levity {Bglg, Evo} (curse)
Stlth   ++++++.... Clarity  +   w - amulet of Ashenzari's Suspicion {Reflect SH+5, Bglg, Alch} (curse)
HPRegen 0.37/turn               M - ring of wizardry
MPRegen 0.25/turn               S - ring of protection from cold

@: swift, studying Short Blades, quick
A: fangs 1, strong nose, distributed training, low MP 1
}: 2/15 runes: decaying, serpentine
a: Renounce Religion, Evoke the Staff of Olgreb, Curse Item, Shatter the Chains


You were on level 3 of the Vaults.
You worshipped Ashenzari.
Ashenzari was most pleased with you.
You visited 8 branches of the dungeon, and saw 37 of its levels.

You collected 3376 gold pieces.
You spent 2572 gold pieces at shops.

Inventory:

Hand Weapons
 a - the +5 rapier of Muwkayni {flame, +Blink SInv}
   (You found it on level 5 of the Dungeon)

   It burns those it strikes, dealing additional fire damage.
   SInv:      It lets you see invisible.
   +Blink:    It lets you blink.
 b - a +1 hunting sling of freezing
 C - the +9 staff of Olgreb (weapon) {rPois∞}
   (You found it on level 12 of the Dungeon)

   If the wielder is skilled in Evocations, they can envenom those struck by it,
   dealing poison damage which bypasses armour.
   It enhances your poison magic.
   It grants immunity to poison.
   It can be activated via the 'a'bility menu to radiate toxic energy, with
   effectiveness depending on Evocations skill.
 I - a +2 scimitar of flaming
Missiles
 h - 1077 stones (quivered)
 s - 3 silver boomerangs
 t - 4 throwing nets
 u - 8 curare-tipped darts
 W - 229 sling bullets
Armour
 f - a +1 kite shield of reflection (worn)
 j - the cursed +1 helmet of Ashenzari's Mistrust (worn) {Evo, Self}
   (You found it on level 2 of the Dungeon)

   It has a curse which improves the following skills: Evocations: Evocations.
   Introspection: Fighting and Spellcasting.
 q - the cursed +0 cloak of Supernal Understanding (worn) {Self, Range}
   (You took it off Crazy Yiuf on level 2 of the Dungeon)

   It has a curse which improves the following skills: Introspection: Fighting
   and Spellcasting.
   Ranged Combat: Slings, Bows, Crossbows and Throwing.
 E - the cursed +1 pair of boots of Ashenzari's Levity (worn) {Bglg, Evo}
   (You found it on level 4 of the Dungeon)

   It has a curse which improves the following skills: Beguiling: Conjurations,
   Hexes and Translocations.
   Evocations: Evocations.
 F - the cursed +2 pair of gloves of Ashenzari's Black Moon (worn) {Alch, Elem}
   (You found it on level 4 of the Dungeon)

   It has a curse which improves the following skills: Alchemy: Poison Magic and
   Transmutations.
   Elements:  Fire Magic, Ice Magic, Air Magic and Earth Magic.
 Y - a +1 robe of the Archmagi (worn)
Jewellery
 d - a ring of protection from fire
 w - the cursed amulet of Ashenzari's Suspicion (around neck) {Reflect SH+5, Bglg, Alch}
   (You bought it in a shop on level 4 of the Snake Pit)

   [amulet of reflection]

   It reflects blocked missile attacks.
   SH:        It affects your SH (+5).
   It has a curse which improves the following skills: Beguiling: Conjurations,
   Hexes and Translocations.
   Alchemy:   Poison Magic and Transmutations.
 D - an amulet of regeneration
 M - a ring of wizardry (left hand)
 O - a ring of poison resistance
 R - a ring of flight
 S - a ring of protection from cold (right hand)
 T - a ring of willpower
 V - a ring of ice
Wands
 k - a wand of digging (13)
 l - a wand of acid (13)
 n - a wand of paralysis (14)
 r - a wand of mindburst (25)
 x - a wand of polymorph (25)
 y - a wand of iceblast (13)
 Q - a wand of charming (5)
Scrolls
 i - 19 scrolls of teleportation
 m - 5 scrolls of fog
 z - 3 scrolls of fear
 A - 3 scrolls of blinking
 K - 7 scrolls of immolation
 N - a scroll of amnesia
 U - 2 scrolls of summoning
 Z - 4 scrolls of silence
Potions
 c - 7 potions of magic
 e - 4 potions of haste
 g - 4 potions of heal wounds
 p - a potion of brilliance
 v - 4 potions of berserk rage
 B - 2 potions of cancellation
 G - 12 potions of curing
 H - 3 potions of invisibility
 J - 3 potions of flight
 L - a potion of resistance
 P - 4 potions of might
Miscellaneous
 o - a phial of floods
 X - a lightning rod (4/4)


   Skills:
 + Level 13.9(16.2) Fighting
 + Level 18.7 Short Blades
 + Level 13.9 Long Blades
 + Level 13.9 Axes
 + Level 13.9 Maces & Flails
 + Level 13.9 Polearms
 + Level 13.9 Staves
 + Level 13.9(15.4) Slings
 + Level 13.9(15.4) Bows
 + Level 13.9(15.4) Crossbows
 + Level 13.9(15.4) Throwing
 + Level 13.9 Armour
 + Level 14.6 Dodging
 + Level 14.5 Stealth
 + Level 13.9 Shields
 + Level 13.9 Unarmed Combat
 + Level 14.7(17.0) Spellcasting
 + Level 11.8(14.2) Conjurations
 + Level 11.8(14.2) Hexes
 + Level 11.8 Summonings
 + Level 11.8 Necromancy
 + Level 11.8(14.2) Translocations
 + Level 11.8(14.2) Transmutations
 + Level 11.8(13.3) Fire Magic
 + Level 13.6(15.1) Ice Magic
 + Level 11.8(13.3) Air Magic
 + Level 11.8(13.3) Earth Magic
 + Level 11.8(14.2) Poison Magic
 + Level 15.1 Invocations
 + Level 13.9(16.2) Evocations


You had 2 spell levels left.
You knew the following spells:

 Your Spells              Type           Power      Damage    Failure   Level
a - Freeze                Ice            100%       1d11      0%          1
b - Frozen Ramparts       Ice            100%       1d12      1%          3
c - Iron Shot             Conj/Erth      45%        9d9       1%          6
d - Summon Ice Beast      Ice/Summ       89%        N/A       1%          4
e - Gell's Gravitas       Tloc           91%        N/A       1%          3
f - Ice Form              Ice/Tmut       92%        N/A       1%          4
g - Call Canine Familiar  Summ           84%        N/A       1%          3
h - Anguish               Hex/Necr       44%        N/A       1%          4
i - Swiftness             Air            89%        N/A       1%          3
j - Passage of Golubria   Tloc           91%        N/A       1%          4
k - Ensorcelled Hibernat  Hex/Ice        100%       N/A       0%          2
l - Mephitic Cloud        Conj/Pois/Air  100%       N/A       1%          3
m - Beastly Appendage     Tmut           100%       N/A       0%          1
n - Ozocubu's Armour      Ice            94%        N/A       1%          3
o - Spellforged Servitor  Conj/Summ      44%        N/A       9%          7

Your spell library contained the following spells:

 Spells                   Type           Power      Damage    Failure   Level
 Wereblood                Tmut           91%        N/A       0%          2
 Animate Skeleton         Necr           100%       N/A       1%          1
 Pain                     Necr           100%       1d9       1%          1
 Summon Small Mammal      Summ           100%       N/A       1%          1
 Corpse Rot               Necr/Air       100%       N/A       1%          2
 Passwall                 Tmut/Erth      75%        N/A       1%          2
 Static Discharge         Conj/Air       90%        N/A       1%          2
 Dazzling Flash           Conj/Hex       100%       N/A       1%          3
 Ignite Poison            Fire/Tmut/Pois 100%       N/A       1%          3
 Inner Flame              Hex/Fire       90%        N/A       1%          3
 Spider Form              Tmut/Pois      100%       N/A       1%          3
 Summon Guardian Golem    Hex/Summ       88%        N/A       1%          3
 Teleport Other           Tloc           91%        N/A       1%          3
 Tukima's Dance           Hex            91%        N/A       1%          3
 Vampiric Draining        Necr           84%        2d12      1%          3
 Animate Armour           Summ/Erth      100%       N/A       1%          4
 Cause Fear               Hex            45%        N/A       1%          4
 Fulminant Prism          Conj/Hex       45%        3d21      1%          4
 Hailstorm                Conj/Ice       92%        3d18      1%          4
 Iskenderun's Mystic Bla  Conj/Tloc      91%        2d18      1%          4
 Petrify                  Tmut/Erth      90%        N/A       1%          4
 Agony                    Necr           84%        N/A       1%          5
 Blade Hands              Tmut           45%        N/A       1%          5
 Freezing Cloud           Conj/Ice/Air   45%        6-21      1%          5
 Lee's Rapid Deconstruct  Erth           44%        3d22*     1%          5
 Lightning Bolt           Conj/Air       45%        1d65      1%          5
 Silence                  Hex/Air        45%        N/A       1%          5
 Yara's Violent Unravell  Hex/Tmut       45%        3d18      1%          5
 Dispersal                Tloc           45%        N/A       1%          6
 Death Channel            Necr           42%        N/A       2%          6
 Orb of Destruction       Conj           45%        9d12      5%          7
 Storm Form               Tmut/Air       45%        N/A       6%          7
 Discord                  Hex            45%        N/A       36%         8
 Lehudib's Crystal Spear  Conj/Erth      45%        10d11     41%         8
 Maxwell's Capacitive Co  Air            44%        ∞         45%         8
 Necromutation            Tmut/Necr      44%        N/A       52%         8
 Dragon's Call            Summ           42%        N/A       100%        9


Dungeon Overview and Level Annotations

Branches:
Dungeon (15/15)            Temple (1/1) D:4            Lair (6/6) D:10
  Swamp (4/4) Lair:4        Snake (4/4) Lair:2        Slime (0/5) Lair:5
    Orc (2/2) D:12            Elf (2/3) Orc:2        Vaults (3/5) D:14
 Depths (0/4) D:15
  Crypt: Vaults:2-3

Altars:
Ashenzari
Cheibriados
Dithmenos
Elyvilon
Fedhas
Gozag
Hepliaklqana
Kikubaaqudgha
Makhleb
Nemelex Xobeh
Okawaru
Qazlal
Ru
Sif Muna
Trog
Uskayaw
Vehumet
Wu Jian
Xom
Yredelemnul
Zin
The Shining One
Beogh
Jiyva
Lugonu

Shops:
D:3 (   D:4 (   D:10 !   D:13 [   Orc:1 !   Orc:2 ?((*   Elf:1 *   Elf:2 :[*
Snake:4 :=:

Portals:
Abyss: Elf:1
Trove: D:11 (give 8 scrolls of blinking)

Annotations:
Lair:1 exclusion: oklob plant
Snake:3 2 transporters, Dittersdorf's ghost, adept MiBe
Elf:2 3 runed translucent doors


Innate Abilities, Weirdness & Mutations

You have very sharp teeth.
Your uncanny sense of smell can sniff out nearby items.
Your experience applies equally to all skills.
Your magical capacity is low. (-10% MP)


Message History

Confirm with . or Enter, or press ? or * to list all spells.
Aiming: Mephitic Cloud (safe; 1% risk of failure)
Press: ? - help, Shift-Dir - straight line, f/p - ironbound thunderhulk
Aim: an ironbound thunderhulk, wielding a +0 dire flail and wearing a +0 animal skin (heavily wounded, poisoned, chance to affect: 15%)
You feel a strong surge of power!
The ball explodes into a vile cloud!
The stinking cloud engulfs the deep troll but does no damage.
The stinking cloud engulfs the ironbound thunderhulk but does no damage.
The ironbound thunderhulk is heavily wounded.
You hear a shout!
The deep troll is engulfed in noxious fumes.
The deep troll appears confused.
The ironbound thunderhulk is engulfed in noxious fumes.
The ironbound convoker asks, "Where am I?"
The ironbound convoker seems less confused.
The deep troll is engulfed in noxious fumes.
The ironbound thunderhulk is engulfed in noxious fumes.
Strange energies crackle from the ironbound thunderhulk's apparatus.
The ironbound thunderhulk blinks!
The ironbound preserver is engulfed in noxious fumes.
The ironbound preserver appears confused.
Casting: Mephitic Cloud (safe; 1% risk of failure)
Confirm with . or Enter, or press ? or * to list all spells.
You feel a surge of power!
You feel quick.
Something bites the ironbound preserver!!
Something claws the ironbound preserver.
Something claws the ironbound preserver!
The ironbound preserver is engulfed in noxious fumes.
You feel a bit more experienced.
The ironbound preserver is engulfed in noxious fumes.
The ironbound preserver appears confused.
The ironbound preserver is engulfed in noxious fumes.
The ironbound preserver appears confused.
The ironbound preserver hits something with a +0 mace!!
You feel a bit more experienced.
The ironbound preserver is engulfed in noxious fumes.
The ironbound preserver appears confused.
The ironbound thunderhulk looks more healthy.
Electricity crackles from the ironbound thunderhulk's apparatus.
The bolt of lightning hits you!!!
You die...

#(####+* #......# .,#. .).,
#......# #'#)##'### #......#
.)'.)....# ##'#####
#{#)#'#### ##.).##
,#.#.T..######## ##..<..##
.#{#.####......###..)....##
#{#.#.pTp'..†...##..##'##..##
#.'.#.#†##..†...@...#...#...#
#'#'######...O..#...#...#...#
... * #......#...#...#...#
... #......##..#####..## ...
,* #......###.......## .., ,
#......# ##.....## ,,
#......# ##...## , #......#
##### , ########


You could see an ironbound thunderhulk.

Vanquished Creatures
  Nikola (Swamp:2)
  2 tentacled monstrosities (Swamp:2)
  Mlioglotl (Snake:1)
  Asterion (Elf:2)
  2 quicksilver dragons (Snake:4)
  Donald (Snake:1)
  7 nagarajas
  2 fenstrider witches
  2 vault wardens
  A deep elf elementalist (Elf:2)
  2 orc warlords
  A ghoul (Swamp:3)
  6 ironbound preservers
  2 ironbound thunderhulks (Vaults:2)
  3 very ugly things
  2 eleionomae
  An entropy weaver (Vaults:2)
  Azrael (Orc:2)
  4 dire elephants (Vaults:2)
  4 bunyips
  An ettin (Orc:2)
  A deep elf death mage (Elf:1)
  4 yaktaur captains
  Josephine (D:11)
  A shambling mangrove (Swamp:3)
  A vault guard (D:11)
  2 naga warriors
  5 boulder beetles
  3 ice dragons (Swamp:4)
  9 hydras
  8 alligators
  A spriggan air mage (Swamp:4)
  2 ironbound frosthearts
  3 salamander tyrants
  2 ogre magi
  A ghost crab (Swamp:1)
  2 catoblepae (Lair:3)
  Erica (Lair:1)
  8 dancing weapons
  4 anacondas (Snake:1)
  6 two-headed ogres
  6 death yaks (Lair:5)
  A death knight (D:14)
  A spriggan berserker (Swamp:2)
  8 orc high priests
  3 tengu warriors (D:14)
  12 naga sharpshooters
  A shock serpent (shapeshifter) (Elf:2)
  3 shock serpents (Snake:2)
  5 spriggans
  Nergalle (D:11)
  6 deep elf knights
  24 deep trolls
  4 goliath frogs
  3 salamander mystics
  A glowing orange brain (Vaults:2)
  Pikel (D:4)
  2 spriggan druids
  2 swamp dragons
  3 bog bodies
  2 naga ritualists
  A lindwurm (Lair:6)
  2 ironbound convokers (Vaults:2)
  6 deep elf archers
  3 wizards
  12 deep elf pyromancers
  8 orc knights
  17 ugly things
  2 necromancers (Elf:1)
  13 deep elf zephyrmancers
  2 wolf spiders (D:12)
  4 mana vipers
  4 cyclopes
  5 orc sorcerers
  3 manticores
  2 will-o-the-wisps
  7 salamanders
  3 nameless horrors
  5 vault sentinels
  24 elephants
  4 guardian serpents
  8 naga magi
  5 torpor snails (Lair:6)
  24 black mambas
  2 centaur zombies
  2 gargoyles
  A centaur skeleton (D:15)
  8 cane toads
  An unseen horror (D:12)
  29 yaktaurs
  2 rime drakes
  2 kobold demonologists (D:10)
  4 freezing wraiths (Swamp:4)
  11 komodo dragons
  7 trolls
  2 polar bears
  2 bloated husks
  A wind drake (shapeshifter) (D:13)
  13 hornets
  2 large abominations (Elf:1)
  12 slime creatures
  Grinder (D:6)
  22 blink frogs
  A meliai zombie (D:15)
  7 tyrant leeches
  15 dream sheep
  A centaur simulacrum (D:15)
  A water elemental (Elf:2)
  An air elemental (Elf:2)
  2 shadows
  A culicivora (shapeshifter) (D:14)
  2 wyverns
  A basilisk (Lair:1)
  4 wraiths (D:11)
  33 yaks
  4 fire elementals
  16 vampire mosquitoes
  10 redbacks (D:12)
  6 steam dragons
  Edmund (D:4)
  2 swamp worm simulacra (Swamp:4)
  16 swamp worms
  4 wargs (Orc:1)
  20 nagas
  2 acid dragons
  15 hydra simulacra (Swamp:4)
  35 water moccasins
  2 hell hounds (Orc:2)
  41 orc warriors
  An ice beast (D:4)
  2 black bears (Lair:1)
  14 ogres
  5 wolves
  A necrophage (D:4)
  3 phantoms
  2 elf zombies (Elf:1)
  7 kobold brigands
  6 bullfrogs
  A wyvern zombie (D:8)
  3 earth elementals
  4 scorpions
  10 killer bees
  6 wights
  4 howler monkeys
  2 electric eels
  7 jellies
  A bullfrog zombie (D:6)
  25 orc priests
  2 hounds
  Crazy Yiuf (D:2)
  A bullfrog skeleton (D:5)
  Ijyb (D:4)
  Natasha (thrice) (D:4)
  2 iguanas (D:6)
  17 orc wizards
  2 hound skeletons (D:4)
  3 howler monkey zombies
  17 adders
  6 swamp drake simulacra (Swamp:4)
  2 adder skeletons
  A worm (D:2)
  5 dart slugs
  88 orcs
  9 endoplasms
  3 giant cockroaches
  5 goblins
  9 hobgoblins
  6 jackals
  3 quokkas
  6 ball pythons
  7 bats
  5 frilled lizards
  26 kobolds
  5 rats
  2 lurking horrors (Elf:1)
1073 creatures vanquished.

Vanquished Creatures (collateral kills)
  Gastronok (Lair:1)
  2 nagarajas (Snake:4)
  4 vault wardens
  3 ironbound preservers
  2 very ugly things (Vaults:3)
  An eleionoma (Swamp:1)
  A crystal guardian (Vaults:2)
  6 hydras
  2 naga warriors
  A peacekeeper (Vaults:2)
  3 ironbound frosthearts
  2 centaur warriors
  A two-headed ogre (D:15)
  An anaconda (Snake:4)
  An alligator (Swamp:2)
  4 naga sharpshooters
  A spriggan berserker (Swamp:2)
  An orc high priest (Orc:2)
  A deep elf knight (Elf:2)
  5 deep trolls
  3 goliath frogs
  A swamp dragon (Lair:6)
  3 ironbound convokers
  A lindwurm (Vaults:2)
  3 wizards
  3 deep elf zephyrmancers
  A deep elf pyromancer (Elf:1)
  2 necromancers
  An orc knight (Orc:2)
  6 ugly things
  An orc sorcerer (Orc:2)
  A manticore (D:14)
  2 mana vipers
  2 guardian serpents
  3 salamanders
  3 black mambas
  6 elephants
  4 vault sentinels
  5 naga magi
  4 cane toads
  2 rime drakes (Lair:6)
  A kobold demonologist (D:10)
  8 yaktaurs
  3 komodo dragons
  A polar bear (Lair:4)
  A troll (D:11)
  A tarantella (shapeshifter) (Vaults:2)
  3 tyrant leeches
  2 hornets
  A harpy skeleton (D:15)
  5 blink frogs
  4 slime creatures
  4 dream sheep
  An air elemental (Elf:2)
  A spriggan (Swamp:1)
  2 water elementals (Elf:2)
  3 wyverns
  7 yaks
  A wraith (D:10)
  A basilisk (D:13)
  A fire elemental (Orc:2)
  3 steam dragons
  11 nagas
  6 vampire mosquitoes
  A warg (Orc:1)
  3 swamp worms (Swamp:1)
  A hell hound (Orc:2)
  5 water moccasins
  6 orc warriors
  A black bear (D:5)
  An ogre (D:6)
  2 centaurs
  4 wolves
  A kobold brigand (D:10)
  A wyvern zombie (D:9)
  7 bullfrogs
  A killer bee (D:7)
  2 electric eels
  A wight (D:7)
  A howler monkey (D:9)
  6 orc priests
  An iguana (Lair:6)
  2 orc wizards (Orc:2)
  6 adders
  9 orcs
233 creatures vanquished.

Vanquished Creatures (others)
  A fire dragon (Lair:6)
  An ice dragon (Lair:6)
  A hydra (Swamp:4)
  A naga warrior (Snake:3)
  2 alligators (Swamp:4)
  A deep elf zephyrmancer (Elf:1)
  A tengu conjurer (D:15)
  A yak (Lair:2)
  4 vampire mosquitoes (Swamp:4)
  3 nagas
  2 orcs (Orc:2)
  6 foxfires
  42 fungi
  100 plants
166 creatures vanquished.

Grand Total: 1472 creatures vanquished

Notes
Turn   | Place    | Note
-------+----------+-------------------------------------------
     0 | D:1      | a3don the Gnoll Ice Elementalist began the quest for the
                  | Orb.
     0 | D:1      | Reached XP level 1. HP: 13/13 MP: 6/6
   246 | D:1      | Found a faded altar of an unknown god.
   319 | D:1      | Reached XP level 2. HP: 19/19 MP: 5/7
   753 | D:1      | Reached XP level 3. HP: 25/25 MP: 7/9
   757 | D:1      | Learned a level 3 spell: Frozen Ramparts
   761 | D:1      | Learned a level 3 spell: Ozocubu's Armour
   957 | D:1      | Reached skill level 5 in Spellcasting
  1436 | D:2      | Reached skill level 1 in Invocations
  1454 | D:2      | Reached skill level 1 in Fighting
  1454 | D:2      | Reached skill level 1 in Short Blades
  1454 | D:2      | Reached skill level 1 in Long Blades
  1454 | D:2      | Reached skill level 1 in Axes
  1454 | D:2      | Reached skill level 1 in Maces & Flails
  1454 | D:2      | Reached skill level 1 in Polearms
  1454 | D:2      | Reached skill level 1 in Staves
  1454 | D:2      | Reached skill level 1 in Slings
  1454 | D:2      | Reached skill level 1 in Bows
  1454 | D:2      | Reached skill level 1 in Crossbows
  1454 | D:2      | Reached skill level 1 in Throwing
  1454 | D:2      | Reached skill level 1 in Armour
  1454 | D:2      | Reached skill level 1 in Shields
  1454 | D:2      | Reached skill level 1 in Unarmed Combat
  1454 | D:2      | Reached skill level 1 in Evocations
  1574 | D:2      | Reached XP level 4. HP: 32/32 MP: 6/11
  2283 | D:2      | Found a runed translucent door.
  2284 | D:2      | Noticed Crazy Yiuf
  2383 | D:2      | Killed Crazy Yiuf
  2384 | D:2      | Reached skill level 1 in Conjurations
  2384 | D:2      | Reached skill level 1 in Hexes
  2384 | D:2      | Reached skill level 1 in Summonings
  2384 | D:2      | Reached skill level 1 in Necromancy
  2384 | D:2      | Reached skill level 1 in Translocations
  2384 | D:2      | Reached skill level 1 in Transmutations
  2384 | D:2      | Reached skill level 1 in Fire Magic
  2384 | D:2      | Reached skill level 1 in Air Magic
  2384 | D:2      | Reached skill level 1 in Earth Magic
  2384 | D:2      | Reached skill level 1 in Poison Magic
  2595 | D:3      | Reached XP level 5. HP: 37/37 MP: 12/12
  2754 | D:3      | Found Otzimi's Antique Weapon Boutique.
  3331 | D:3      | Found a radiant altar of Vehumet.
  3443 | D:4      | Found Lifyp Wenwo's Weapon Shop.
  3739 | D:4      | Learned a level 4 spell: Summon Ice Beast
  3790 | D:4      | Noticed Edmund
  3868 | D:4      | Noticed Ijyb
  3871 | D:4      | Killed Edmund
  3872 | D:4      | Reached skill level 2 in Short Blades
  3872 | D:4      | Reached skill level 5 in Dodging
  3872 | D:4      | Reached XP level 6. HP: 41/44 MP: 3/14
  3879 | D:4      | Killed Ijyb
  4279 | D:4      | Noticed Natasha
  4291 | D:4      | Killed Natasha
  4311 | D:4      | Noticed a necrophage
  4320 | D:4      | Killed a necrophage
  4321 | D:4      | Reached XP level 7. HP: 47/50 MP: 10/15
  4323 | D:4      | Noticed Natasha
  4328 | D:4      | Killed Natasha
  4347 | D:4      | Noticed Natasha
  4356 | D:4      | Killed Natasha
  4402 | D:4      | Found a shadowy altar of Dithmenos.
  4826 | D:4      | Found a staircase to the Ecumenical Temple.
  4925 | Temple   | Entered the Ecumenical Temple
  5046 | Temple   | Became a worshipper of Ashenzari the Shackled
  5131 | D:4      | Noticed Pikel
  5148 | D:4      | Killed Pikel
  5149 | D:4      | Reached skill level 3 in Short Blades
  5149 | D:4      | Reached skill level 5 in Stealth
  5149 | D:4      | Reached XP level 8. HP: 39/58 MP: 5/17
  5955 | D:5      | Entered Level 5 of the Dungeon
  5984 | D:5      | Identified the +5 rapier of Muwkayni {flame, +Blink SInv}
  6432 | D:5      | Reached XP level 9. HP: 54/65 MP: 14/18
  6631 | D:6      | Found a bloodstained altar of Trog.
  6871 | D:6      | Found a burning altar of Makhleb.
  7013 | D:6      | Noticed Grinder
  7014 | D:6      | Paralysed by Grinder for 4 turns
  7032 | D:6      | Killed Grinder
  7033 | D:6      | Reached skill level 4 in Short Blades
  7206 | D:6      | Found a sacrificial altar of Ru.
  7726 | D:6      | Learned a level 3 spell: Gell's Gravitas
  8265 | D:7      | Reached skill level 5 in Invocations
  8266 | D:7      | Reached skill level 5 in Short Blades
  9937 | D:7      | Reached XP level 10. HP: 60/73 MP: 16/20
 10186 | D:8      | Learned a level 4 spell: Ice Form
 10255 | D:8      | Identified the cursed +2 pair of gloves of Ashenzari's
                  | Black Moon {Alch, Elem} (You found it on level 4 of the
                  | Dungeon)
 10635 | D:8      | Reached skill level 5 in Fighting
 10635 | D:8      | Reached skill level 5 in Long Blades
 10635 | D:8      | Reached skill level 5 in Axes
 10635 | D:8      | Reached skill level 5 in Maces & Flails
 10635 | D:8      | Reached skill level 5 in Polearms
 10635 | D:8      | Reached skill level 5 in Staves
 10635 | D:8      | Reached skill level 5 in Slings
 10635 | D:8      | Reached skill level 5 in Bows
 10635 | D:8      | Reached skill level 5 in Crossbows
 10635 | D:8      | Reached skill level 5 in Throwing
 10635 | D:8      | Reached skill level 5 in Armour
 10635 | D:8      | Reached skill level 5 in Shields
 10635 | D:8      | Reached skill level 5 in Unarmed Combat
 10635 | D:8      | Reached skill level 5 in Evocations
 10840 | D:8      | Found a viscous altar of Jiyva.
 11234 | D:8      | Reached skill level 6 in Short Blades
 11528 | D:8      | Reached * piety under Ashenzari
 11834 | D:9      | Found a hide-covered altar of Uskayaw.
 12697 | D:9      | Noticed a purple ugly thing
 12712 | D:9      | Killed a purple ugly thing
 12873 | D:9      | Noticed an ogre mage
 12898 | D:9      | Killed an ogre mage
 13201 | D:9      | Reached skill level 8 in Short Blades
 13201 | D:9      | Reached skill level 5 in Conjurations
 13201 | D:9      | Reached skill level 5 in Hexes
 13201 | D:9      | Reached skill level 5 in Summonings
 13201 | D:9      | Reached skill level 5 in Necromancy
 13201 | D:9      | Reached skill level 5 in Translocations
 13201 | D:9      | Reached skill level 5 in Transmutations
 13201 | D:9      | Reached skill level 5 in Fire Magic
 13201 | D:9      | Reached skill level 5 in Air Magic
 13201 | D:9      | Reached skill level 5 in Earth Magic
 13201 | D:9      | Reached skill level 5 in Poison Magic
 13201 | D:9      | Reached XP level 11. HP: 84/84 MP: 22/24
 13279 | D:9      | Identified the cursed +1 helmet of Ashenzari's Mistrust
                  | {Evo, Self} (You found it on level 2 of the Dungeon)
 13331 | D:10     | Entered Level 10 of the Dungeon
 13981 | D:10     | Found a staircase to the Lair.
 14014 | D:10     | Noticed a sixfirhy
 14180 | D:10     | Reached XP level 12. HP: 91/91 MP: 25/25
 14240 | D:10     | Identified the Reference Book on the Supportive Oath
 14291 | D:10     | Found Xegi Qexire's Distillery.
 14540 | D:10     | Learned a level 3 spell: Call Canine Familiar
 14545 | D:10     | Learned a level 4 spell: Anguish
 15297 | D:11     | Reached skill level 9 in Short Blades
 15908 | D:11     | Learned a level 3 spell: Swiftness
 15962 | D:11     | Noticed a boulder beetle
 15979 | D:11     | Noticed Nergalle
 15993 | D:11     | Killed Nergalle
 16199 | D:11     | Noticed Josephine
 16358 | D:11     | Killed Josephine
 16801 | D:11     | Noticed a boulder beetle
 16852 | D:11     | Killed a boulder beetle
 17342 | D:11     | Noticed a vault guard
 17359 | D:11     | Killed a vault guard
 17558 | D:11     | Found a portal to a secret trove of treasure.
 17710 | Lair:1   | Entered Level 1 of the Lair of Beasts
 18016 | Lair:1   | Reached ** piety under Ashenzari
 18077 | Lair:1   | Found a gate leading to a gauntlet.
 18097 | Lair:1   | Identified the cursed +1 pair of boots of Ashenzari's
                  | Levity {Bglg, Evo} (You found it on level 4 of the Dungeon)
 18185 | Lair:1   | Reached skill level 10 in Short Blades
 18639 | Lair:1   | Noticed Erica
 18653 | Lair:1   | Killed Erica
 18654 | Lair:1   | Reached XP level 13. HP: 101/101 MP: 16/27
 18835 | Lair:1   | Noticed Gastronok
 18853 | Lair:1   | Killed Gastronok
 19868 | Lair:1   | Learned a level 4 spell: Passage of Golubria
 20098 | Lair:2   | Found a staircase to the Snake Pit.
 21034 | Lair:2   | Reached skill level 10 in Ice Magic
 22148 | Lair:3   | Reached skill level 11 in Short Blades
 22235 | Lair:3   | HP: 1/101 [boulder beetle (19)]
 22248 | Lair:3   | HP: 1/101 [boulder beetle (28)]
 22669 | D:10     | Bought a potion of heal wounds for 80 gold pieces
 22669 | D:10     | Bought a potion of heal wounds for 80 gold pieces
 22981 | Lair:3   | Reached skill level 10 in Spellcasting
 23048 | Lair:3   | Learned a level 2 spell: Ensorcelled Hibernation
 23760 | Lair:3   | Reached XP level 14. HP: 64/106 MP: 19/28
 23785 | Lair:3   | Reached skill level 10 in Dodging
 24897 | Lair:4   | Reached skill level 10 in Stealth
 25115 | Lair:4   | Reached skill level 12 in Short Blades
 25186 | Lair:4   | Found a staircase to the Swamp.
 25444 | Lair:4   | Found a burning altar of Makhleb.
 25557 | Lair:4   | Reached skill level 10 in Invocations
 26863 | Lair:4   | Identified the +8 chain mail "Hatrepudd" {Contam rC+
                  | Regen+}
 28139 | Lair:5   | Found a staircase to the Slime Pits.
 28139 | Lair:5   | Found a viscous altar of Jiyva.
 28633 | Lair:5   | Learned a level 3 spell: Mephitic Cloud
 28944 | Lair:6   | Entered Level 6 of the Lair of Beasts
 29025 | Lair:6   | Found a runed translucent door.
 29029 | Lair:6   | Reached XP level 15. HP: 117/117 MP: 31/31
 29127 | Lair:6   | Reached skill level 13 in Short Blades
 30041 | Lair:6   | Reached skill level 10 in Fighting
 30041 | Lair:6   | Reached skill level 10 in Long Blades
 30041 | Lair:6   | Reached skill level 10 in Axes
 30041 | Lair:6   | Reached skill level 10 in Maces & Flails
 30041 | Lair:6   | Reached skill level 10 in Polearms
 30041 | Lair:6   | Reached skill level 10 in Staves
 30041 | Lair:6   | Reached skill level 10 in Slings
 30041 | Lair:6   | Reached skill level 10 in Bows
 30041 | Lair:6   | Reached skill level 10 in Crossbows
 30041 | Lair:6   | Reached skill level 10 in Throwing
 30041 | Lair:6   | Reached skill level 10 in Armour
 30041 | Lair:6   | Reached skill level 10 in Shields
 30041 | Lair:6   | Reached skill level 10 in Unarmed Combat
 30041 | Lair:6   | Reached skill level 10 in Evocations
 30267 | Lair:6   | Identified the Disquisition on the Mutagenic Birds
 33172 | D:12     | Found the +9 staff of Olgreb {rPois∞}
 33180 | D:12     | Found a runed translucent gate.
 33180 | D:12     | Found a runed translucent gate.
 33671 | D:12     | Found a staircase to the Orcish Mines.
 33711 | D:12     | Found a runed translucent gate.
 33714 | D:12     | Found a runed translucent door.
 33733 | D:12     | Found a runed translucent door.
 34571 | Orc:1    | Entered Level 1 of the Orcish Mines
 34930 | Orc:1    | Found Roenag's Distillery.
 35128 | Orc:2    | Entered Level 2 of the Orcish Mines
 36474 | Orc:2    | Found Voggeori's Antique Weapon Emporium.
 36638 | Orc:2    | Found Junn's Magic Scroll Shoppe.
 36642 | Orc:2    | Reached skill level 14 in Short Blades
 36939 | Orc:2    | Reached XP level 16. HP: 97/123 MP: 21/32
 37234 | Orc:2    | Found a staircase to the Elven Halls.
 38828 | Orc:2    | Found Zehiresu's Assorted Antiques.
 39172 | Orc:2    | Found Beecsuodu's Antique Weapon Emporium.
 40173 | Orc:2    | Noticed Azrael
 40192 | Orc:2    | Killed Azrael
 40552 | D:13     | Found Jelab's Antique Armour Shoppe.
 42797 | D:14     | Found a gate to the Vaults.
 43256 | D:14     | Found a broken altar of Ashenzari.
 43276 | D:14     | Found a blossoming altar of Fedhas.
 43601 | D:15     | Entered Level 15 of the Dungeon
 43964 | D:15     | Found a shadowy altar of Dithmenos.
 44240 | D:15     | Reached skill level 15 in Short Blades
 44585 | D:15     | Found a staircase to the Depths.
 45231 | Swamp:1  | Entered Level 1 of the Swamp
 46872 | Swamp:1  | Reached XP level 17. HP: 135/135 MP: 32/34
 47339 | Swamp:2  | Noticed a tentacled monstrosity
 47460 | Swamp:2  | Learned a level 1 spell: Beastly Appendage
 47698 | Snake:1  | Entered Level 1 of the Snake Pit
 48168 | Snake:1  | Noticed Mlioglotl
 48184 | Snake:1  | Gained mutation: You occasionally shout uncontrollably at
                  | your foes. [a neqoxec]
 48190 | Snake:1  | Killed Mlioglotl
 48775 | Snake:1  | Noticed Donald
 48795 | Snake:1  | Killed Donald
 49359 | Snake:1  | Lost mutation: You occasionally shout uncontrollably at
                  | your foes. [potion of mutation]
 49359 | Snake:1  | Gained mutation: You have hidden genetic defects. [potion
                  | of mutation]
 49431 | Lair:2   | Lost mutation: You have hidden genetic defects. [potion of
                  | mutation]
 49431 | Lair:2   | Gained mutation: Your magical capacity is low. (-10% MP)
                  | [potion of mutation]
 53041 | Snake:3  | Reached skill level 10 in Conjurations
 53041 | Snake:3  | Reached skill level 10 in Hexes
 53041 | Snake:3  | Reached skill level 10 in Summonings
 53041 | Snake:3  | Reached skill level 10 in Necromancy
 53041 | Snake:3  | Reached skill level 10 in Translocations
 53041 | Snake:3  | Reached skill level 10 in Transmutations
 53041 | Snake:3  | Reached skill level 10 in Fire Magic
 53041 | Snake:3  | Reached skill level 10 in Air Magic
 53041 | Snake:3  | Reached skill level 10 in Earth Magic
 53041 | Snake:3  | Reached skill level 10 in Poison Magic
 53138 | Snake:3  | Found a transporter.
 53151 | Snake:3  | Identified the Almanac of Aerial Evil
 53188 | Snake:3  | Noticed Dittersdorf's ghost (adept MiBe)
 53391 | Snake:3  | Found a transporter.
 54450 | Snake:3  | Found a bloodstained altar of Trog.
 54497 | Snake:4  | Entered Level 4 of the Snake Pit
 54808 | Snake:4  | Reached skill level 16 in Short Blades
 55713 | Snake:4  | Found Baalyo's Book Shop.
 55713 | Snake:4  | Found Qiupt's Jewellery Shoppe.
 55714 | Snake:4  | Found Piny's Book Shop.
 55892 | Snake:4  | Bought an amulet of reflection for 510 gold pieces
 55894 | Snake:4  | Bought a book of Iron for 576 gold pieces
 55894 | Snake:4  | Bought a book of Dangerous Friends for 640 gold pieces
 55901 | Snake:4  | Learned a level 6 spell: Iron Shot
 55912 | Snake:4  | Reached *** piety under Ashenzari
 56223 | Snake:4  | Reached XP level 18. HP: 93/147 MP: 12/33
 56624 | Snake:4  | Noticed a quicksilver dragon
 56635 | Snake:4  | Killed a quicksilver dragon
 57130 | Snake:4  | Noticed a quicksilver dragon
 57140 | Snake:4  | Killed a quicksilver dragon
 58158 | Snake:4  | Got a serpentine rune of Zot
 59428 | Elf:1    | Entered Level 1 of the Elven Halls
 59863 | Elf:1    | Found a shimmering blue altar of Sif Muna.
 60007 | Elf:1    | Found a one-way gate to the infinite horrors of the Abyss.
 60007 | Elf:1    | Found a corrupted altar of Lugonu.
 61438 | Elf:1    | Identified Barphiemu's Almanac of Evil Rituals
 61511 | Elf:1    | Found Takhlor's Assorted Antiques.
 62436 | Elf:2    | Found Focimewe's General Store.
 62442 | Elf:2    | Bought a potion of haste for 110 gold pieces
 62442 | Elf:2    | Bought 2 potions of curing for 66 gold pieces
 62536 | Elf:2    | Paralysed by an air elemental for 1 turns
 62970 | Elf:2    | Identified the +5 kite shield of Words of Power {*Slow rN+
                  | SInv}
 62970 | Elf:2    | Noticed Asterion
 62982 | Elf:2    | Reached skill level 17 in Short Blades
 62985 | Elf:2    | Killed Asterion
 62995 | Elf:2    | Paralysed by an air elemental for 1 turns
 63000 | Elf:2    | Paralysed by an air elemental for 1 turns
 63003 | Elf:2    | Paralysed by an air elemental for 1 turns
 63213 | Elf:2    | Found Dajy's Antique Armour Boutique.
 63473 | Elf:2    | Found Utuhael's Book Shop.
 63876 | Elf:2    | Found a runed translucent gate.
 63876 | Elf:2    | Found a runed translucent gate.
 63925 | Elf:2    | Found a runed translucent gate.
 64454 | Swamp:2  | Identified the +1 leather armour of the Pits of Slime
                  | {Dex+4}
 64462 | Swamp:2  | Killed a tentacled monstrosity
 64817 | Swamp:2  | Noticed Nikola
 64834 | Swamp:2  | Killed Nikola
 64849 | Swamp:2  | Noticed a tentacled monstrosity
 64919 | Swamp:2  | Killed a tentacled monstrosity
 64920 | Swamp:2  | Reached XP level 19. HP: 112/155 MP: 9/35
 67699 | Swamp:4  | Entered Level 4 of the Swamp
 70140 | Swamp:4  | Got a decaying rune of Zot
 70293 | Swamp:4  | Identified the cursed +0 cloak of Supernal Understanding
                  | {Self, Range} (You took it off Crazy Yiuf on level 2 of the
                  | Dungeon)
 71198 | Vaults:1 | Entered Level 1 of the Vaults
 74244 | Snake:4  | Bought a ring of wizardry for 510 gold pieces
 74258 | Snake:4  | Learned a level 7 spell: Spellforged Servitor
 75069 | Vaults:1 | Reached skill level 18 in Short Blades
 76460 | Vaults:2 | Reached XP level 20. HP: 144/164 MP: 26/36
 79534 | Vaults:3 | Reached skill level 15 in Invocations
 80209 | Vaults:3 | Killed from afar by an ironbound thunderhulk

Illustrated notes

Levels and vault maps discovered:
D:1:      arrival_zaba_pyramid, layout_basic, dreamdust_ecumenical_altar_grove
D:2:      layout_loops_ring, uniq_crazy_yiuf_cottage
D:3:      layout_loops_ring, nicolae_vehumet_altar_sigil, serial_shops, shop
D:4:      layout_cave_pools, mainiacjoe_overflow_concentric_impassable,
          minmay_temple_entry_poolview, serial_shops, shop,
          hangedman_glass_teeth, hangedman_minor_gate_pass, uniq_pikel,
          uniq_natasha, uniq_ijyb, uniq_edmund
D:5:      layout_cave_pools
D:6:      layout_layer_cave, lemuel_crystal_altar,
          nicolae_ru_sacrificial_ziggurat, lemuel_round_altar, uniq_grinder
D:7:      nicolae_cairo_tiling_large_dashed, layout_gridville
D:8:      layout_cave_pods, jiyva_altar_1
D:9:      layout_stronghold, mainiacjoe_overflow_brackets,
          kennysheep_island_fort
D:10:     cheibrodos_steamvent, layout_loops_corners, lair_entry_dummy,
          serial_shops, nicolae_shop_advertising_works
          [nicolae_subvault_shop_adworks]
D:11:     layout_basic, enter_trove_5, uniq_josephine, uniq_nergalle
D:12:     layout_irregular_city, david_orc_5, minivault_27,
          minmay_guarded_unrand_staff_of_olgreb
D:13:     layout_stronghold, serial_shops, nicolae_shop_hallway_plus
D:14:     layout_cave_pods, erik_vaults_1, fedhas_altar_1,
          chequers_serial_rivers_small_3, kennysheep_another_room,
          nicolae_ashenzari_skybound
D:15:     grunt_enter_depths_magical_seal, layout_loops_ring,
          nicolae_dithmenos_through_a_glass_darkly, lemuel_freeze_loot_1
Temple:   kb_temple_of_zot
Lair:1:   layout_long_grid, gauntlet_entry_generic, minmay_lair_oklob_bushes,
          st_stairs_8, chequers_serial_rivers_large_b, beast_lair_carwin_6,
          uniq_gastronok, uniq_erica
Lair:2:   layout_small_grid, minmay_snake_entry_guardpost_small,
          patterned_corridor, lemuel_fruit_fields
Lair:3:   lemuel_reptile_caves, layout_regular_city, grunt_forest_stairs_basic,
          guppyfry_lair_drakes, grunt_megastairs_2
Lair:4:   layout_cave_shapes, swamp_mist, basic_altar
Lair:5:   layout_hall_layers, slime_altar_1, serial_bayou_shore_b,
          serial_bayou_shore_b, infiniplex_staircase_pool
Lair:6:   guppyfry_lair_end_dragon, layout_loops_ring, wormcave, st_stairs_8
Swamp:1:  layout_basic_swamp, evilmike_swamp_ruin_house_3, swamp_pool4
Swamp:2:  layout_basic_swamp, evilmike_swamp_ruin_house_2, uniq_nikola
Swamp:3:  layout_basic_swamp, evilmike_swamp_ruin_rubble_1
Swamp:4:  swamp_icy, layout_basic_swamp
Snake:1:  layout_grid_maze, uniq_donald, uniq_mlioglotl
Snake:2:  layout_basic, nicolae_snake_double_loop
Snake:3:  layout_grid_maze, gammafunk_ghost_wrathful_warriors,
          nicolae_elevator_lobby_asterisk
Snake:4:  hellmonk_snake_rune_quicksilver_temple, layout_cave_pods,
          minmay_shop_grove
Orc:1:    layout_caves, serial_shops, nicolae_diamond_shop
Orc:2:    pubby_orc_utopia, uniq_azrael
Elf:1:    nicolae_elf_arrival_no_cutting_in_line, layout_loops_ring,
          basic_altar, serial_shops, nicolae_shop_behind_doors,
          minmay_elf_necromancy, amcnicky_altar_lugonu_corruption
Elf:2:    nicolae_elf_blades_splatter_lattice [nicolae_blade_entry_pointy_end],
          layout_rooms, serial_shops, nicolae_stop_n_shop_1, shop,
          nicolae_shop_waterfront, uniq_asterion
Vaults:1: nicolae_vaults_diagonal_hallway_9, hangedman_vaults_snaps,
          vaults_mumra_hexcomb, ontoclasm_vaults_hangar, layout_vaults_omnigrid
Vaults:2: nicolae_vaults_back_hallway, v_misc_33, v_pattern_4, v_rooms_4,
          vaults_room_door_hall, nicolae_vaults_network_periphery, v_misc_11,
          vaults_room_pool, vaults_room_pool, vaults_room_glass_cross,
          vaults_mumra_lcd, ontoclasm_vaults_twist, layout_vaults_ring
Vaults:3: nicolae_vaults_little_ls, hangedman_vaults_maws,
          nicolae_vaults_big_ls, st_spiral_rooms, v_alt_pattern_2,
          nicolae_vaults_inception_corners, minmay_crypt_entry_necro_gods,
          ontoclasm_vaults_tryst, vaults_dpeg_spiral, v_pattern_3,
          hangedman_vaults_maws, v_misc_15, nicolae_vaults_little_squares_3,
          layout_vaults_omnibox

Skill      XL: |  1  2  3  4  5  6  7  8  9 10 11 12 13 14 15 16 17 18 19 20 |
---------------+-------------------------------------------------------------+-----
Spellcasting   | 5 6 7 8 9 10 11 12 13 14 | 14.7
Invocations    | 1 2 3 4 5 7 8 9 10 11 12 13 14 15 | 15.1
Fighting       | 1 2 3 4 6 7 8 9 10 11 12 13 | 13.9
Short Blades   | 1 2 3 5 8 10 11 12 14 15 16 17 18 | 18.7
Long Blades    | 1 2 3 4 6 7 8 9 10 11 12 13 | 13.9
Axes           | 1 2 3 4 6 7 8 9 10 11 12 13 | 13.9
Maces & Flails | 1 2 3 4 6 7 8 9 10 11 12 13 | 13.9
Polearms       | 1 2 3 4 6 7 8 9 10 11 12 13 | 13.9
Staves         | 1 2 3 4 6 7 8 9 10 11 12 13 | 13.9
Slings         | 1 2 3 4 6 7 8 9 10 11 12 13 | 13.9
Bows           | 1 2 3 4 6 7 8 9 10 11 12 13 | 13.9
Crossbows      | 1 2 3 4 6 7 8 9 10 11 12 13 | 13.9
Throwing       | 1 2 3 4 6 7 8 9 10 11 12 13 | 13.9
Armour         | 1 2 3 4 6 7 8 9 10 11 12 13 | 13.9
Shields        | 1 2 3 4 6 7 8 9 10 11 12 13 | 13.9
Unarmed Combat | 1 2 3 4 6 7 8 9 10 11 12 13 | 13.9
Evocations     | 1 2 3 4 6 7 8 9 10 11 12 13 | 13.9
Conjurations   | 1 2 3 4 5 6 7 8 9 10 11 | 11.8
Hexes          | 1 2 3 4 5 6 7 8 9 10 11 | 11.8
Summonings     | 1 2 3 4 5 6 7 8 9 10 11 | 11.8
Necromancy     | 1 2 3 4 5 6 7 8 9 10 11 | 11.8
Translocations | 1 2 3 4 5 6 7 8 9 10 11 | 11.8
Transmutations | 1 2 3 4 5 6 7 8 9 10 11 | 11.8
Fire Magic     | 1 2 3 4 5 6 7 8 9 10 11 | 11.8
Air Magic      | 1 2 3 4 5 6 7 8 9 10 11 | 11.8
Earth Magic    | 1 2 3 4 5 6 7 8 9 10 11 | 11.8
Poison Magic   | 1 2 3 4 5 6 7 8 9 10 11 | 11.8
Dodging        | 5 6 8 9 10 11 12 13 14 | 14.6
Stealth        | 5 6 7 8 9 10 11 12 13 14 | 14.5
Ice Magic      | 8 9 10 11 12 13 | 13.6

Action                   |  1- 3 |  4- 6 |  7- 9 | 10-12 | 13-15 | 16-18 | 19-21 || total
-------------------------+-------+-------+-------+-------+-------+-------+-------++-------
Melee: Short sword       |    29 |    21 |       |       |       |       |       ||    50
       Unarmed           |     2 |       |       |    47 |   139 |       |       ||   188
       Quarterstaff      |       |    50 |    30 |       |       |       |       ||    80
       Bite              |       |     4 |    10 |    24 |   114 |   109 |    85 ||   346
       Rapier            |       |       |    99 |   151 |   658 |   171 |   157 ||  1236
       Punch             |       |       |     2 |     9 |    27 |       |       ||    38
       Staff             |       |       |       |     6 |    27 |   536 |   285 ||   854
       Scimitar          |       |       |       |       |    16 |    14 |    26 ||    56
       Broad axe         |       |       |       |       |     3 |       |       ||     3
       Kick              |       |       |       |       |       |     7 |       ||     7
       Headbutt          |       |       |       |       |       |     6 |       ||     6
 Fire: Hunting sling     |       |       |       |    73 |    75 |    37 |       ||   185
Throw: Stone             |       |     4 |    16 |     9 |    84 |   174 |   172 ||   459
       Dart              |       |     1 |     1 |       |       |       |       ||     2
       Boomerang         |       |       |       |       |       |     7 |       ||     7
 Cast: Freeze            |    32 |    15 |    28 |    45 |    35 |    29 |     4 ||   188
       Frozen Ramparts   |     3 |     6 |    10 |    26 |   110 |   127 |    15 ||   297
       Summon Ice Beast  |       |     2 |    21 |    51 |    92 |   135 |    12 ||   313
       Ozocubu's Armour  |       |       |     3 |    11 |    52 |    33 |    24 ||   123
       Gell's Gravitas   |       |       |     2 |    12 |       |     1 |       ||    15
       Ice Form          |       |       |       |    11 |    15 |       |     1 ||    27
       Call Canine Famil |       |       |       |     7 |     7 |    19 |       ||    33
       Anguish           |       |       |       |     1 |    10 |    10 |       ||    21
       Ensorcelled Hiber |       |       |       |       |     8 |       |       ||     8
       Swiftness         |       |       |       |       |     7 |     3 |     3 ||    13
       Passage of Golubr |       |       |       |       |     1 |     2 |     3 ||     6
       Mephitic Cloud    |       |       |       |       |    15 |   101 |    47 ||   163
       Iron Shot         |       |       |       |       |       |    75 |   129 ||   204
       Beastly Appendage |       |       |       |       |       |     3 |     1 ||     4
       Spellforged Servi |       |       |       |       |       |       |    29 ||    29
Invok: Curse Item        |       |       |     1 |     2 |       |     2 |       ||     5
 Abil: Evoke Blink       |       |       |       |       |     1 |     1 |     1 ||     3
       Evoke the Staff o |       |       |       |       |       |     4 |     6 ||    10
Evoke: Lightning rod     |       |       |       |       |     4 |       |       ||     4
       Wand              |       |       |       |       |     1 |     2 |       ||     3
  Use: Scroll            |       |       |     5 |     2 |     1 |     5 |     4 ||    17
       Potion            |       |       |     3 |     1 |     3 |     5 |     2 ||    14
 Stab: Sleeping          |     5 |     7 |    11 |     3 |    24 |    20 |     5 ||    75
       Distracted        |       |       |     2 |     3 |     6 |     9 |       ||    20
       Confused          |       |       |       |       |     6 |    37 |    23 ||    66
Armor: Robe              |    11 |    18 |    41 |    61 |   244 |   180 |   120 ||   675
       Skin              |       |       |       |    11 |    37 |       |       ||    48
Dodge: Dodged            |    23 |    48 |   111 |   171 |   436 |   303 |   254 ||  1346
Block: Tower shield      |       |       |       |       |   210 |   341 |       ||   551
       Buckler           |       |       |       |       |    25 |       |       ||    25
       Kite shield       |       |       |       |       |       |   211 |   424 ||   635
       Reflection        |       |       |       |       |       |    44 |    47 ||    91
